 Dungeon Sprint DCSS version 0.21-a0-401-g0b6bec4 (webtiles) character file.

2 theanonym the Covered (level 1, -3/14 HPs)
             Began as a Gargoyle Fighter on Oct 21, 2017.
             Slain by a wolf (6 damage)
             ... in the Dungeon (Sprint III: "The Ten Rune Challenge").
             The game lasted 00:00:33 (54 turns).

theanonym the Covered (Gargoyle Fighter)              Turns: 54, Time: 00:00:34

Health: -3/14      AC:  9    Str: 24    XL:     1   Next: 40%
Magic:  1/1        EV:  7    Int:  8    God:
Gold:   14         SH:  9    Dex:  9    Spells: 0/0 levels left

rFire    . . .     SeeInvis .   a - +0 flail
rCold    . . .     Gourm    .   c - +0 shield
rNeg     + . .     Faith    .   b - +0 scale mail
rPois    ∞         Spirit   .   (no helmet)
rElec    +         Reflect  .   (no cloak)
rCorr    .         Harm     .   (no gloves)
MR       .....     NoTele   +   (no boots)
Stlth    ..........             (no amulet)
HPRegen  0.04/turn              l - ring of loudness (curse)
MPRegen  0.07/turn              (no ring)

@: mighty
A: negative energy resistance 1, electricity resistance, unbreathing,
petrification resistance, rot immunity, AC +2
a: no special abilities


You were in the Dungeon.
You were not hungry.

You visited 1 branch You collected 14 gold pieces.

Inventory:

Hand Weapons
 a - a +0 flail (weapon)
Armour
 b - a +0 scale mail (worn)
 c - a +0 shield (worn)
Jewellery
 l - a cursed ring of loudness (left hand)
   (You found it in the Dungeon)
Scrolls
 k - a scroll of blinking
Potions
 e - a potion of curing
 h - a potion of haste
 i - 2 potions of magic
 j - a potion of berserk rage
Comestibles
 f - a bread ration
 m - 2 chunks of flesh


   Skills:
 + Level 3.5 Fighting
 * Level 2.6 Maces & Flails
 + Level 3.5 Armour
 + Level 3.5 Shields


You couldn't memorise any spells.
You didn't know any spells.

Dungeon Overview and Level Annotations

Branches:
Dungeon (1/1)

Altars:


Innate Abilities, Weirdness & Mutations

You are resistant to torment.
Your stone body is resilient. (AC +2)
You are immune to poison.
You resist negative energy. (rN+)
You are resistant to electric shocks. (rElec)
You can survive without breathing.
You are immune to petrification.
You are immune to rotting.


Message History

Welcome, theanonym the Gargoyle Fighter.
Found a staircase leading out of the dungeon.
Unknown command.
You open the door.
A rat comes into view.
Found a bone ring.
A rat comes into view.
You block the rat's attack.
There is an open door here.
You hit the rat.
You kill the rat!
The rat barely misses you. You block the rat's attack.
You hit the rat.
You kill the rat!
No target in view!
No target in view!
No target in view!
l - a bone ring Put on which piece of jewellery? (? for menu, Esc to quit)
Oops, that ring feels deathly cold.
l - a cursed ring of loudness (left hand)
Okay, then.
You open the door.
A rat comes into view.
A rat comes into view.
You block the rat's attack.
Found 14 gold pieces.
There is an open door here.
You thump the rat!
You kill the rat!
You hit the rat. You block the rat's attack.
The rat bites you but does no damage.
You closely miss the rat. You block the rat's attack.
You hit the rat.
You kill the rat!
No target in view!
No target in view!
No target in view!
You butcher the rat corpse.
m - a chunk of flesh You see here a rat skeleton. x2
You now have 14 gold pieces.
Key pressed, stopping explore.
You see here a rat skeleton.
There is an open door here.
You butcher the rat corpse.
m - 2 chunks of flesh (gained 1) Key pressed, stopping explore.
There is an open door here.
You see here a rat skeleton.
You open the door.
There is an open door here.
Key pressed, stopping explore.
A wolf comes into view.
The wolf howls!
A wolf is nearby!
A human comes into view.
The human shouts!
Your scale mail prevents you from hitting the wolf.
The wolf bites you but does no damage. You block the wolf's attack.
The wolf bites you.
You take 1 damage, and have 13/14 hp.
You closely miss the wolf. The wolf barely misses you. The wolf bites you.
You take 2 damage, and have 11/14 hp.
You closely miss the wolf. The wolf bites you.
* * * LOW HITPOINT WARNING * * *
The wolf barely misses you.
You take 4 damage, and have 7/14 hp.
MASSIVE DAMAGE!!
You barely miss the wolf. The wolf closely misses you. The wolf bites you.
* * * LOW HITPOINT WARNING * * *
The wolf barely misses you.
You take 3 damage, and have 4/14 hp.
MASSIVE DAMAGE!!
You feel very mighty all of a sudden. You block the wolf's attack.
You feel much better. You block the wolf's attack.
The wolf bites you but does no damage.
Health restored: 14 You closely miss the wolf.
You block the wolf's attack. The wolf bites you.
You take 6 damage, and have 8/14 hp.
MASSIVE DAMAGE!!
You closely miss the wolf. The wolf barely misses you.
You block the wolf's attack. The wolf completely misses you.
You miss the wolf. The wolf bites you.
* * * LOW HITPOINT WARNING * * *
The wolf bites you.
You die...

▓.....#
▓.....#
▓.....# ≈
▓####'# ≈≈
▓...÷.# ≈≈≈
▓.....# ≈≈≈≈
▓.....# ≈≈≈..
▓'#####......
▓....@hp.....
▓▓▓▓▓▓▓▓▓▓▓▓▓


You could see a human and a wolf.

Vanquished Creatures
  4 rats (D)
4 creatures vanquished.

Notes
Turn   | Place    | Note
-------+----------+-------------------------------------------
     0 | D        | theanonym the Gargoyle Fighter began the quest for the Orb.
     0 | D        | Reached XP level 1. HP: 14/14 MP: 1/1
    42 | D        | Noticed a wolf
    54 | D        | Slain by a wolf

Vault maps used:
D:        dungeon_sprint_mu

Action                   || total
-------------------------++-------
Melee: Flail             ||    13
  Use: Potion            ||     2
Armor: Scale mail        ||     3
Dodge: Dodged            ||     7
Block: Shield            ||    10

Table legend:
 A = Spawn XP
 B = Non-spawn XP
 C = Spawn XP percentage of total XP
 D = Spawn monster count
 E = Non-spawn monster count
 F = Spawn count percentage of total count
 G = Total turns spent on level
                    A         B        C        D         E        F      G
               +---------+---------+-------+---------+---------+-------+---------
         Total |       0 |       4 |   0.0 |       0 |       4 |   0.0 |    54
               +---------+---------+-------+---------+---------+-------+---------
             D |       0 |       4 |   0.0 |       0 |       4 |   0.0 |    54
               +---------+---------+-------+---------+---------+-------+---------
